 Dungeon Crawl Stone Soup version 0.30-a0-364-gf6b3ef1049 (webtiles) character file.

Game seed: 5291801583978718399

5267 Pooter the Trooper (level 10, -1/64 HPs)
             Began as a Gargoyle Berserker on Nov 14, 2022.
             Was a Priest of Trog.
             Slain by a sixfirhy (3 damage)
             ... on level 8 of the Dungeon.
             The game lasted 00:57:20 (7592 turns).

Pooter the Trooper (Gargoyle Berserker)             Turns: 7592, Time: 00:57:20

Health: -1/64      AC: 26    Str: 22    XL:     10   Next: 62%
Magic:  0/10       EV:  6    Int:  9    God:    Trog [***...]
Gold:   117        SH:  9    Dex: 11    Spells: 9/9 levels left

rFire   . . .      SeeInvis +    a - +1 war axe
rCold   + . .      Faith    .    X - +0 kite shield
rNeg    + . .      Spirit   +    u - +2 plate armour
rPois   ∞          Reflect  .    x - +2 helmet
rElec   +          Harm     .    g - +0 cloak
rCorr   .          Rampage  .    (no gloves)
Will    ++...                    y - +0 pair of boots
Stlth   ..........               G - amulet of guardian spirit
HPRegen 1.30/turn                I - ring of protection from cold
MPRegen 0.12/turn                S - ring of see invisible

@: strong-willed, on berserk cooldown, regenerating
A: sickness immunity, AC +7, negative energy resistance 1, electricity
resistance, torment resistance 1, petrification resistance
a: Renounce Religion, Berserk, Trog's Hand


You were on level 8 of the Dungeon.
You worshipped Trog.
Trog was most pleased with you.
You visited 1 branch of the dungeon, and saw 8 of its levels.
You also visited: Sewer.

You collected 582 gold pieces.
You spent 465 gold pieces at shops.

Inventory:

Hand Weapons
 a - a +1 war axe (weapon)
   (You found it on level 3 of the Dungeon)
 b - a +0 sling
   (You bought it in a shop on level 3 of the Dungeon)
 m - a +2 flail of venom
   (You took it off an orc on level 6 of the Dungeon)
 v - a +2 mace of holy wrath
   (You found it on level 1 of the Dungeon)
 H - a +0 trident
   (You took it off an orc on level 4 of the Dungeon)
 V - a +0 morningstar
   (You took it off an orc on level 6 of the Dungeon)
 W - a +4 scimitar of flaming
   (You took it off Erica on level 8 of the Dungeon)
Missiles
 p - 4 silver javelins
 F - 5 boomerangs of dispersal {!f}
 O - a boomerang
 P - 2 throwing nets {!f}
 Q - 54 stones (quivered)
 R - 18 poisoned darts
Armour
 g - a +0 cloak (worn)
   (You found it on level 2 of the Dungeon)
 n - a +0 troll leather armour {Pargi}
   (You found it in a sewer)
 u - a +2 plate armour (worn)
   (You took it off an orc warrior on level 7 of the Dungeon)
 x - a +2 helmet (worn)
   (You found it on level 3 of the Dungeon)
 y - a +0 pair of boots (worn)
   (You found it on level 3 of the Dungeon)
 X - a +0 kite shield (worn)
   (You took it off a gnoll sergeant on level 8 of the Dungeon)
Jewellery
 e - a ring of fire
   (You found it on level 5 of the Dungeon)
 E - a ring of willpower
   (You found it on level 8 of the Dungeon)
 G - an amulet of guardian spirit (around neck)
   (You found it on level 7 of the Dungeon)
 I - a ring of protection from cold (left hand)
   (You found it on level 2 of the Dungeon)
 S - a ring of see invisible (right hand)
   (You bought it in a shop on level 2 of the Dungeon)
Wands
 f - a wand of flame (27)
   (You found it on level 3 of the Dungeon)
 k - a wand of polymorph (4)
   (You found it on level 3 of the Dungeon)
 D - a wand of digging (7)
   (You found it on level 5 of the Dungeon)
 J - a wand of light (7)
   (You took it off Erica on level 8 of the Dungeon)
 N - a wand of mindburst (2)
   (You took it off a gnoll on level 5 of the Dungeon)
Scrolls
 d - a scroll of vulnerability {!r}
 h - a scroll of butterflies
 r - 3 scrolls of silence
 t - 4 scrolls of teleportation {@r4}
 z - a scroll of torment {!r}
 B - 2 scrolls of blinking
 M - 4 scrolls of immolation {!r}
Potions
 c - 2 potions of mutation {!q}
 i - a potion of degeneration {unknown}
 j - 6 potions of curing {@q1}
 l - a potion of resistance
 o - 2 potions of berserk rage {unknown}
 q - a potion of cancellation {unknown}
 s - 2 potions of invisibility {unknown}
 w - 2 potions of flight {unknown}
 C - 2 potions of haste {unknown}
 K - a potion of magic {unknown}
 L - a potion of ambrosia {unknown}
 T - 2 potions of might {unknown}
 U - 2 potions of lignification {unknown}


   Skills:
 + Level 7.9 Fighting
 * Level 7.8(8.3) Axes
 - Level 4.5(7.1) Maces & Flails
 - Level 4.3 Armour
 + Level 5.6 Dodging
 - Level 5.2 Shields
 + Level 4.8 Evocations


You had 9 spell levels left.
You didn't know any spells.
Your spell library was empty.

Dungeon Overview and Level Annotations

Branches:
Dungeon (8/15)             Temple (0/1) D:4           Sewer (visited)
   Lair: D:8-11

Altars:
Ashenzari
Elyvilon
Fedhas
Gozag
Makhleb
Okawaru
Qazlal
Xom
Zin
The Shining One

Shops:
D:1 :   D:2 =?=   D:3 (


Innate Abilities, Weirdness & Mutations

You are immune to sickness and miasma.
Your stone body is resilient. (AC +7)
You are immune to poison.
You resist negative energy. (rN+)
You are resistant to electric shocks. (rElec)
You are resistant to unholy torment.
You are immune to petrification.


Message History

* * * LOW MAGIC WARNING * * *
* * * LOW HITPOINT WARNING * * *
The sixfirhy shocks you. You resist.
* * * LOW MAGIC WARNING * * *
* * * LOW HITPOINT WARNING * * *
The sixfirhy hits you but does no damage. x2
The sixfirhy hits you.
* * * LOW HITPOINT WARNING * * *
The sixfirhy shocks you. You resist.
* * * LOW HITPOINT WARNING * * *
The sixfirhy closely misses you.
The sixfirhy hits you but does no damage. x3
Your skin crawls.
You feel strong-willed.
You barely miss the sixfirhy.
The sixfirhy hits you but does no damage. x3
You hit the sixfirhy. The sixfirhy hits you!
* * * LOW MAGIC WARNING * * *
* * * LOW HITPOINT WARNING * * *
The sixfirhy shocks you. You resist.
* * * LOW HITPOINT WARNING * * *
You block the sixfirhy's attack.
The sixfirhy hits you but does no damage.
The sixfirhy hits you.
* * * LOW HITPOINT WARNING * * *
The sixfirhy shocks you. You resist.
* * * LOW MAGIC WARNING * * *
* * * LOW HITPOINT WARNING * * *
The sixfirhy hits you but does no damage.
You hit the sixfirhy.
The sixfirhy hits you but does no damage. x2
You miss the sixfirhy.
The sixfirhy hits you but does no damage. x3
The sixfirhy closely misses you. The sixfirhy barely misses you.
The sixfirhy hits you but does no damage.
You completely miss the sixfirhy.
You feel yourself speed up.
You slash the sixfirhy! The sixfirhy hits you.
* * * LOW MAGIC WARNING * * *
* * * LOW HITPOINT WARNING * * *
The sixfirhy shocks you. You resist.
* * * LOW MAGIC WARNING * * *
* * * LOW HITPOINT WARNING * * *
The sixfirhy hits you but does no damage. x3
You slash the sixfirhy! You block the sixfirhy's attack. x2
The sixfirhy hits you but does no damage.
The sixfirhy hits you.
* * * LOW HITPOINT WARNING * * *
The sixfirhy shocks you. You resist.
You die...

.....## ....<... ......##
........... .......### .
........... .........# ..
........... .........# ####..
........... .........# #.....#
#......... ........## ##.###..###
#........ ..)[)..##
###..#3#....## ##......
...)..#####....#@#.....######....
...).####...##.....#.....#....###
..........######.....#.....#### #
.#####>.### ########..### ## #..#
##.## #..## ##..# ##..## ##..##
#...## ####..## # #....## #....##


You could see a sixfirhy.

Vanquished Creatures
  Erica (D:8)
  2 two-headed ogres (D:8)
  Maggie (D:8)
  A queen bee (D:7)
  A steam dragon (D:8)
  A water moccasin (D:6)
  2 black bears
  Pargi (Sewer)
  A sky beast (D:6)
  An orc warrior (D:7)
  An ice beast (D:7)
  An ogre (D:7)
  3 phantoms
  2 kobold brigands
  3 bullfrogs
  A gnoll sergeant (D:8)
  3 scorpions
  A howler monkey (D:5)
  3 gnoll boudas
  3 hounds
  A jelly (D:5)
  8 orc priests
  3 iguanas
  10 orc wizards
  23 gnolls
  16 adders
  A shadow imp (D:5)
  A white imp (D:7)
  3 ufetubi
  5 worms
  2 dart slugs
  45 orcs
  7 ball pythons
  5 endoplasms
  11 giant cockroaches
  7 goblins
  8 hobgoblins
  7 jackals
  5 quokkas
  2 frilled lizards
  9 kobolds
  10 rats
222 creatures vanquished.

Vanquished Creatures (others)
  A plant (D:4)
1 creature vanquished.

Grand Total: 223 creatures vanquished

Notes
Turn   | Place    | Note
-------+----------+-------------------------------------------
     0 | D:1      | Pooter the Gargoyle Berserker began the quest for the Orb.
     0 | D:1      | Reached XP level 1. HP: 14/14 MP: 1/1
    53 | D:1      | Found Amyibar's Book Emporium.
   113 | D:1      | Reached XP level 2. HP: 18/19 MP: 2/2
   691 | D:1      | Found a faded altar of an unknown god.
   700 | D:1      | Reached XP level 3. HP: 22/23 MP: 3/3
   840 | D:2      | Found Oriredo's Jewellery Emporium.
   843 | D:2      | Found Itoogo's Jewellery Shop.
   919 | D:2      | Found Ujoc's Jewellery Boutique.
  1085 | D:2      | Found Waaqogej's Magic Scroll Shop.
  1107 | D:2      | Bought a scroll of identify for 20 gold pieces
  1107 | D:2      | Bought a scroll of identify for 20 gold pieces
  1127 | D:2      | Reached XP level 4. HP: 27/29 MP: 4/4
  1838 | D:3      | Reached XP level 5. HP: 22/33 MP: 5/5
  1855 | D:2      | Reached ** piety under Trog
  2003 | D:3      | Found Jeka's Antique Weapon Emporium.
  2015 | D:3      | Bought a sling for 30 gold pieces
  2033 | D:3      | Found a glowing drain.
  2053 | Sewer    | Entered a sewer
  2087 | Sewer    | Noticed Pargi
  2093 | Sewer    | Killed Pargi
  2094 | Sewer    | Reached skill level 1 in Axes
  2094 | Sewer    | Reached XP level 6. HP: 39/39 MP: 6/6
  2634 | D:2      | Bought a scroll of enchant weapon for 75 gold pieces
  2880 | D:4      | Found a staircase to the Ecumenical Temple.
  3033 | D:4      | Reached XP level 7. HP: 36/44 MP: 7/7
  3207 | D:2      | Bought a scroll of blinking for 75 gold pieces
  3540 | D:4      | Reached skill level 5 in Fighting
  3734 | D:4      | Found a broken altar of Ashenzari.
  3814 | D:5      | Entered Level 5 of the Dungeon
  3834 | D:5      | Reached *** piety under Trog
  4039 | D:5      | You fall into a shaft and drop 2 floors!
  4216 | D:6      | Reached skill level 1 in Shields
  4326 | D:5      | Reached skill level 1 in Evocations
  4431 | D:5      | Found a stormy altar of Qazlal.
  4441 | D:5      | Reached XP level 8. HP: 50/50 MP: 8/8
  4481 | D:5      | Found a glowing golden altar of the Shining One.
  4481 | D:5      | Found an iron altar of Okawaru.
  4496 | D:5      | Found a blossoming altar of Fedhas.
  4801 | D:2      | Bought a ring of see invisible for 150 gold pieces
  4914 | D:6      | Found a shimmering altar of Xom.
  4934 | D:6      | Found a white marble altar of Elyvilon.
  4934 | D:6      | Found a burning altar of Makhleb.
  4937 | D:6      | Found a shimmering altar of Xom.
  4937 | D:6      | Found a stormy altar of Qazlal.
  4937 | D:6      | Found an opulent altar of Gozag.
  5591 | D:2      | Bought a scroll of silence for 95 gold pieces
  5785 | D:7      | Noticed a hornet
  5786 | D:7      | a hornet changed into a queen bee
  5786 | D:7      | Noticed a queen bee
  5797 | D:7      | Killed a queen bee
  5798 | D:7      | Reached skill level 5 in Axes
  5857 | D:7      | Reached XP level 9. HP: 55/55 MP: 9/9
  6527 | D:7      | Found a glowing silver altar of Zin.
  6527 | D:7      | Noticed an angel
  6687 | D:8      | Reached **** piety under Trog
  7015 | D:8      | Noticed a two-headed ogre
  7041 | D:8      | Killed a two-headed ogre
  7042 | D:8      | Reached skill level 5 in Dodging
  7042 | D:8      | Reached XP level 10. HP: 52/63 MP: 8/10
  7084 | D:8      | Noticed Erica
  7099 | D:8      | Killed Erica
  7100 | D:8      | Reached skill level 5 in Shields
  7141 | D:8      | Noticed a two-headed ogre
  7153 | D:8      | Killed a two-headed ogre
  7495 | D:8      | Upgraded the game from 0.30-a0-360-g447f08457e to
                  | 0.30-a0-364-gf6b3ef1049
  7508 | D:8      | Noticed Maggie
  7513 | D:8      | Killed Maggie
  7553 | D:8      | Found a runed translucent door.
  7555 | D:8      | Found a burning altar of Makhleb.
  7555 | D:8      | Noticed a sixfirhy
  7592 | D:8      | HP: 2/64 [sixfirhy (5)]
  7592 | D:8      | Slain by a sixfirhy

Illustrated notes

Levels and vault maps discovered:
D:1:      saegor_arrival_miasma, layout_basic,
          nicolae_ecumenical_snake_handling, serial_shops,
          nicolae_shop_behind_doors
D:2:      layout_basic, serial_shops, nicolae_shop_statue_plus, shop,
          nicolae_shop_waterfront, shop_fountains, minmay_box_of_dots
D:3:      layout_rooms, gup_sewer_entry_pipe, serial_shops, nicolae_shop_trees
D:4:      layout_rooms, cheibrodos_ashenzari_chains,
          minmay_temple_entry_proselytizer, serial_forest,
          infiniplex_forest_end_2, infiniplex_forest_clump_small,
          infiniplex_forest_clump_long, infiniplex_forest_clump_diagonal,
          infiniplex_forest_clump_small, infiniplex_forest_lined_3
D:5:      layout_loops_ring, amcnicky_altar_gilded, grunt_temple_overflow_open
D:6:      nicolae_cairo_tiling_very_big, layout_rooms, doesnt_xom_only_xom,
          serial_curves, eino_curves_01, eino_curves_01
D:7:      layout_loops_ring, zin_angel
D:8:      layout_cave_pods, nzn_makhleb_speed_demon, uniq_maggie, uniq_erica

Skill      XL: |  1  2  3  4  5  6  7  8  9 10 |
---------------+-------------------------------+-----
Dodging        | 2 3 4 5 |  5.6
Maces & Flails | 4 |  4.5
Armour         | 3 4 |  4.3
Fighting       | 4 5 6 7 |  7.9
Axes           | 1 2 3 5 6 7 |  7.8
Shields        | 1 3 4 5 |  5.2
Evocations     | 1 2 4 |  4.8

Action                   |  1- 3 |  4- 6 |  7- 9 | 10-12 || total
-------------------------+-------+-------+-------+-------++-------
Melee: Mace              |    80 |    81 |    17 |       ||   178
       Punch             |       |     3 |       |       ||     3
       War axe           |       |    57 |   370 |    82 ||   509
       Flail             |       |       |     3 |       ||     3
 Fire: Sling             |       |    12 |    50 |     2 ||    64
Throw: Stone             |     7 |       |     2 |     8 ||    17
       Javelin           |       |     1 |    15 |       ||    16
       Throwing net      |       |       |       |     1 ||     1
Invok: Berserk           |     2 |     4 |     8 |     4 ||    18
       Trog's Hand       |       |     1 |     7 |     4 ||    12
Evoke: Wand              |       |       |     7 |     8 ||    15
  Use: Scroll            |     3 |     5 |    10 |       ||    18
       Potion            |       |       |     1 |     1 ||     2
 Stab: Held in net/web   |       |       |       |     2 ||     2
Armor: Animal skin       |    19 |       |       |       ||    19
       Chain mail        |    31 |    94 |       |       ||   125
       Troll leather arm |       |    21 |   205 |       ||   226
       Plate armour      |       |       |    65 |    84 ||   149
Dodge: Dodged            |    39 |    67 |   239 |    25 ||   370
Block: Buckler           |       |       |    70 |     8 ||    78
       Kite shield       |       |       |       |    18 ||    18

Table legend: (Time is in decaauts)
 A = Elapsed time spent in this place.
 B = Non-inter-level travel time spent in this place.
 C = Inter-level travel time spent in this place.
 D = Time resting spent in this place.
 E = Time spent auto-exploring this place.
 F = Levels seen in this place.
 G = Mean time per level.
                   A        B        C        D        E       F      G
               +--------+--------+--------+--------+--------+-----+--------+
         Total |   7956 |   7350 |    606 |   1180 |   4017 |   9 |  884.0 |
       Dungeon |   7744 |   7138 |    606 |   1123 |   4017 |   8 |  968.0 |
         Sewer |    211 |    211 |      0 |     56 |      0 |   1 |  211.0 |
               +--------+--------+--------+--------+--------+-----+--------+

Top non-repeatable levels by time:
     D:2: 1352 daAuts
     D:4: 1102 daAuts
     D:7: 1085 daAuts
     D:8: 979 daAuts
     D:6: 842 daAuts
     D:5: 838 daAuts
     D:1: 819 daAuts
     D:3: 724 daAuts
   Sewer: 211 daAuts
